 Dungeon Crawl Stone Soup version 0.30-a0-711-gf4ac18a38d (webtiles) character file.

Game seed: 14822245314474295392

355 Lobster4 the Shield-Bearer (level 6, -2/46 HPs)
             Began as a Human Wanderer on Jan 22, 2023.
             Slain by a black bear (7 damage)
             ... on level 4 of the Dungeon.
             The game lasted 00:10:05 (3836 turns).

Lobster4 the Shield-Bearer (Human Wanderer)         Turns: 3836, Time: 00:10:06

Health: -2/46      AC:  5    Str: 14    XL:     6   Next: 95%
Magic:  6/6        EV: 11    Int: 12    God:
Gold:   117        SH:  7    Dex: 13    Spells: 5/5 levels left

rFire   . . .      SeeInvis .    i - +1 short sword (speed)
rCold   . . .      Faith    .    b - +2 buckler
rNeg    . . .      Spirit   .    o - +0 ring mail
rPois   .          Reflect  .    (no helmet)
rElec   .          Harm     .    (no cloak)
rCorr   .          Rampage  .    (no gloves)
Will    .....                    (no boots)
Stlth   +                        (no amulet)
HPRegen 0.27/turn                (no ring)
MPRegen 0.10/turn                (no ring)

@: no status effects
A: no striking features
a: no special abilities


You were on level 4 of the Dungeon.
You visited 1 branch of the dungeon, and saw 4 of its levels.

You collected 117 gold pieces.

Inventory:

Hand Weapons
 a - a +0 hand axe
 d - a +0 dagger
 i - a +1 short sword of speed (weapon)
 w - a +0 rapier
Missiles
 c - 7 poisoned darts (quivered)
 n - 50 stones
 x - 3 boomerangs
Armour
 b - a +2 buckler (worn)
 o - a +0 ring mail (worn)
Scrolls
 e - a scroll of fear
 f - a scroll of amnesia {unknown}
 g - 2 scrolls of summoning {unknown}
 h - 2 scrolls of immolation {unknown}
 j - a scroll of blinking {unknown}
 k - a scroll of vulnerability {unknown}
 m - 3 scrolls of teleportation {unknown}
 q - a scroll of brand weapon {unknown}
 s - a scroll of silence {unknown}
 t - a scroll of enchant armour {unknown}
Potions
 l - 4 potions of curing
 p - a potion of ambrosia {unknown}
 r - 2 potions of might {unknown}
 u - a potion of haste
 v - a potion of invisibility


   Skills:
 + Level 2.8 Fighting
 + Level 0.8 Short Blades
 - Level 2.0 Axes
 - Level 3.0 Throwing
 + Level 3.5 Armour
 + Level 2.7 Dodging
 + Level 4.2 Shields
 - Level 1.0 Invocations


You had 5 spell levels left.
You didn't know any spells.
Your spell library was empty.

Dungeon Overview and Level Annotations

Branches:
Dungeon (4/15)
 Temple: D:4-7

Altars:
Okawaru

Shops:
D:1 [   D:4 =

Annotations:
D:3 3 runed translucent doors, flotson's ghost, weakling DsDe


Message History

You hit the black bear but do no damage.
The black bear is heavily wounded.
You completely miss the black bear.
The black bear is severely wounded.
The black bear goes berserk!
You hit the black bear but do no damage.
The black bear is almost dead.
The black bear bites you. The black bear closely misses you.
You block the black bear's attack.
You hit the black bear.
The black bear is almost dead.
The black bear misses you. You block the black bear's attack.
The black bear closely misses you.
You barely miss the black bear.
The black bear is almost dead.
The black bear bites you! You block the black bear's attack. x2
You hit the black bear but do no damage.
The black bear is almost dead.
The black bear bites you. The black bear claws you. x2
You closely miss the black bear.
The black bear is almost dead.
The black bear bites you. The black bear closely misses you.
You block the black bear's attack.
You hit the black bear but do no damage.
The black bear is almost dead.
The black bear bites you!
* * * LOW HITPOINT WARNING * * *
The black bear claws you but does no damage.
The black bear claws you.
* * * LOW HITPOINT WARNING * * *
You closely miss the black bear.
The black bear is almost dead.
The black bear bites you but does no damage.
The black bear claws you.
* * * LOW HITPOINT WARNING * * *
You block the black bear's attack.
You barely miss the black bear.
The black bear is almost dead.
The black bear bites you!
You die...

..>........ ....####### .!..#
.# '##+# #.# .##.# #.# ######
###.##### #.# #.....)
'.)∩..'.####.# ......!
###.###....#.##########.......
# #.######.#.#..@h(((($.......
#'#........#.########..#####
#............# ..#
#.....)...#### ...#
#.........# ...h. #.........#
.....# .........# .....#
.........# ...... .........#


You could see a black bear (berserk, very poisoned).

Vanquished Creatures
  A scorpion (D:4)
  An orc wizard (D:3)
  Natasha (thrice) (D:2)
  3 gnolls (D:3)
  5 adders (D:2)
  An ufetubus (D:4)
  A worm (D:3)
  2 dart slugs
  10 orcs
  7 endoplasms
  7 giant cockroaches
  3 goblins
  10 hobgoblins
  5 jackals
  9 quokkas
  9 ball pythons
  5 bats
  2 frilled lizards (D:1)
  10 kobolds
  4 rats
98 creatures vanquished.

Notes
Turn   | Place    | Note
-------+----------+-------------------------------------------
     0 | D:1      | Lobster4 the Human Wanderer began the quest for the Orb.
     0 | D:1      | Lobster4 set off with the following items: a +0 hand axe, a
                  | +2 buckler, 8 poisoned darts, a +0 dagger, a scroll of
                  | fear, a +0 robe.
     0 | D:1      | Reached XP level 1. HP: 13/13 MP: 1/1
    22 | D:1      | Found Zagiegel's Antique Armour Shoppe.
    45 | D:1      | Found a faded altar of an unknown god.
    70 | D:1      | Reached XP level 2. HP: 6/20 MP: 2/2
   316 | D:1      | Reached skill level 1 in Fighting
   316 | D:1      | Reached skill level 1 in Dodging
   316 | D:1      | Reached XP level 3. HP: 26/26 MP: 3/3
   812 | D:2      | Reached XP level 4. HP: 23/32 MP: 4/4
  1439 | D:2      | Noticed Natasha
  1453 | D:2      | Killed Natasha
  1454 | D:2      | Reached XP level 5. HP: 2/38 MP: 5/5
  1642 | D:2      | Noticed Natasha
  1649 | D:2      | Killed Natasha
  1676 | D:2      | Found an iron altar of Okawaru.
  1726 | D:2      | Noticed Natasha
  1736 | D:2      | Killed Natasha
  2049 | D:3      | Reached XP level 6. HP: 44/44 MP: 6/6
  2114 | D:3      | HP: 2/45 [frozen (3)]
  2115 | D:3      | Reached skill level 4 in Shields
  2333 | D:3      | Found a runed translucent gate.
  2333 | D:3      | Noticed flotson's ghost (weakling DsDe)
  2334 | D:3      | Found a runed translucent gate.
  2334 | D:3      | Found a runed translucent gate.
  2334 | D:3      | Identified the +2 leather armour "Vaimascheush" {Dex+2}
  3708 | D:4      | Found Qongo's Jewellery Boutique.
  3811 | D:4      | Noticed a black bear
  3836 | D:4      | Slain by a black bear

Illustrated notes

Levels and vault maps discovered:
D:1:      lightli_arrival_statuegarden, layout_rooms, basic_ecumenical_altar,
          serial_shops, shop, minmay_quantized
D:2:      minmay_angry_zag, layout_basic, basic_altar, eino_tiny_chamber,
          guppyfry_early_lair_pool, uniq_natasha
D:3:      layout_loops_ring, biasface_ghost_orc_armoury
D:4:      layout_basic, serial_shops, nicolae_shop_hallway_plus,
          minmay_distorted, uniq_robin

Skill      XL: |  1  2  3  4  5  6 |
---------------+-------------------+-----
Fighting       | 1 2 |  2.8
Dodging        | 1 2 |  2.7
Armour         | 3 |  3.5
Shields        | 4 |  4.2
Axes           | 2 |  2.0
Short Blades   | |  0.8
Throwing       | |  3.0
Invocations    | |  1.0

Action                     |  1- 3 |  4- 6 || total
---------------------------+-------+-------++-------
  Melee: Hand axe          |   101 |   264 ||   365
         Short sword       |       |    85 ||    85
  Throw: Dart              |     5 |    39 ||    44
    Use: Potion            |     1 |     2 ||     3
         Scroll            |     1 |     3 ||     4
 Armour: Robe              |    10 |       ||    10
         Ring mail         |    12 |    93 ||   105
  Dodge: Dodged            |    47 |   168 ||   215
  Block: Buckler           |    35 |   118 ||   153

Table legend: (Time is in decaauts)
 A = Elapsed time spent in this place.
 B = Non-inter-level travel time spent in this place.
 C = Inter-level travel time spent in this place.
 D = Time resting spent in this place.
 E = Time spent auto-exploring this place.
 F = Levels seen in this place.
 G = Mean time per level.
                   A        B        C        D        E       F      G
               +--------+--------+--------+--------+--------+-----+--------+
         Total |   3900 |   3786 |    114 |    342 |   2441 |   4 |  975.0 |
       Dungeon |   3900 |   3786 |    114 |    342 |   2441 |   4 |  975.0 |
               +--------+--------+--------+--------+--------+-----+--------+

Top non-repeatable levels by time:
     D:2: 1360 daAuts
     D:3: 1284 daAuts
     D:1: 702 daAuts
     D:4: 553 daAuts
